 Dungeon Crawl Stone Soup version 0.29-a0-838-g385bb11a5b (webtiles) character file.

Game seed: 16122701464912132019

6 zeratav the Stinger (level 1, 0/11 HPs)
             Began as an Octopode Venom Mage on July 13, 2022.
             Slain by a jackal (2 damage)
             ... on level 1 of the Dungeon.
             The game lasted 00:00:47 (457 turns).

zeratav the Stinger (Octopode Venom Mage)            Turns: 457, Time: 00:00:48

Health: 0/11       AC:  1    Str:  7    XL:     1   Next: 90%
Magic:  1/1        EV: 13    Int: 17    God:
Gold:   0          SH:  0    Dex: 12    Spells: 3/4 levels left

rFire   . . .      SeeInvis .   b - +2 dagger (antimagic) {short}
rCold   . . .      Faith    .   (no shield)
rNeg    . . .      Spirit   .   (helmet restricted)
rPois   .          Reflect  .   (no amulet)
rElec   .          Harm     .   (no ring)
rCorr   .          Rampage  .   (no ring)
Will    .....                   (no ring)
Stlth   +++.......              (no ring)
HPRegen 0.03/turn               (no ring)
MPRegen 0.07/turn               (no ring)
                                (no ring)
                                (no ring)

@: no status effects
A: almost no armour, amphibious, 8 rings, camouflage 1, gelatinous body 1,
(nimble swimmer 1), tentacles
a: no special abilities


You were on level 1 of the Dungeon.
You visited 1 branch of the dungeon, and saw 1 of its levels.


Innate Abilities, Weirdness & Mutations

You cannot wear most types of armour.
You are amphibious.
You can wear up to eight rings at the same time.
Your skin changes colour to match your surroundings (Stealth+).
Your rubbery body absorbs attacks. (AC +1, EV +1)
((You are camouflaged when in or above water. (Stealth+)))
You have tentacles for arms and can constrict up to eight enemies at once.


   Skills:
 - Level 2.0 Dodging
 + Level 3.2 Stealth
 - Level 2.0 Spellcasting
 - Level 1.0 Transmutations
 + Level 3.9 Poison Magic


You had 3 spell levels left.
You knew the following spells:

 Your Spells              Type           Power      Damage    Failure   Level
a - Sting                 Tmut/Pois      40%        1d5       7%          1

Your spell library contained the following spells:

 Spells                   Type           Power      Damage    Failure   Level
 Poisonous Vapours        Pois/Air       16%        N/A       13%         2
 Mephitic Cloud           Conj/Pois/Air  6%         N/A       34%         3
 Olgreb's Toxic Radiance  Pois           15%        N/A       36%         4

Inventory:

Hand Weapons
 b - a +2 antimagic dagger (weapon) {short}
   (You took it off a kobold on level 1 of the Dungeon)
Potions
 a - a potion of magic

Dungeon Overview and Level Annotations

Branches:
Dungeon (1/15) Zot: 5543

Altars:

........#### ##########...
........#.. .............
.[.....$#.#####.####>##..^
............###.#######...
#.........#P.P#........
+........##≈.≈######...
#......###≈≈.≈≈###.....
#....hh#P≈≈≈.≈≈≈P#.####
#.....@............#
#......#P≈≈≈.≈≈≈P###
........###≈≈.≈≈###
###....... ##≈.≈##
#....[..###P.P##
#.......##.....##
#.....=.#.♣...♣.#
#########...8...#
#.♣..(♣.#


You could see 2 jackals.


Message History

You are frozen.
HP[-4] MP[-1]
You take 4 damage, and now have 7/11 hp.
MASSIVE DAMAGE!! (PAUSE)
You lost 1 mp, and now have 1/3 mp.
The sting hits the endoplasm but does no damage.
The endoplasm looks even sicker.
The endoplasm freezes you.
You are frozen.
* * * LOW HITPOINT WARNING * * *
HP[-5] MP[-1]
You take 5 damage, and now have 2/11 hp.
MASSIVE DAMAGE!! (PAUSE)
You lost 1 mp, and now have 0/3 mp.
You are too injured to fight recklessly!
You are too injured to fight recklessly!
You kill the endoplasm!
You start resting.
HP[+9] MP[+3]
Your hp is fully restored (11).
Your mp is fully restored (3).
A kobold is nearby!
The sting hits the kobold.
The kobold is poisoned.
The kobold shouts!
The kobold throws a stone.
The stone closely misses you.
MP[-1]
You lost 1 mp, and now have 2/3 mp.
The sting misses the kobold.
MP[-1]
You lost 1 mp, and now have 1/3 mp.
You miscast Sting.
You are very lightly contaminated with residual magic.
Nothing appears to happen.
The kobold hits you with a +2 antimagic dagger.
HP[-3] MP[-1]
You take 3 damage, and now have 8/11 hp.
MASSIVE DAMAGE!! (PAUSE)
You lost 1 mp, and now have 0/3 mp.
A kobold is nearby!
You closely miss the kobold. Your grab misses the kobold.
You kill the kobold!
Your Stealth skill increases to level 3!
Your magical contamination has completely faded away.
b - a +2 antimagic dagger {short} You see here 4 stones {throwing}.
HP[+3] MP[+3]
Your hp is fully restored (11).
Your mp is fully restored (3).
You feel magic leave you.
b - a +2 antimagic dagger (weapon)
{short} MP[-2]
An endoplasm is nearby!
The endoplasm quivers. 2 jackals come into view.
The endoplasm closely misses you.
You hit the endoplasm.
You kill the endoplasm!
The jackal barks!
A jackal comes into view.
There are monsters nearby!
You barely miss the jackal.
The jackal barks!
You grab the jackal. You squeeze the jackal. You constrict the jackal.
The jackal bites you. The jackal barely misses you.
HP[-2]
You take 2 damage, and now have 9/11 hp.
You hit the jackal.
You kill the jackal!
The jackal bites you but does no damage.
You barely miss the jackal. You grab the jackal.
You constrict the jackal, but do no damage.
The jackal closely misses you. The jackal bites you.
HP[-1]
You take 1 damage, and now have 8/11 hp.
You hit the jackal. You constrict the jackal. The jackal bites you.
* * * LOW HITPOINT WARNING * * *
HP[-3]
You take 3 damage, and now have 5/11 hp.
MASSIVE DAMAGE!! (PAUSE)
You are too injured to fight recklessly!
You are too injured to fight recklessly!
You are too injured to fight recklessly!
You are too injured to fight recklessly!
You are too injured to fight recklessly!
You are too injured to fight recklessly!
You are too injured to fight recklessly!
You release your grip on the jackal.
The jackal attacks as you move away! The jackal misses you.
The jackal attacks as you move away! The jackal bites you.
* * * LOW HITPOINT WARNING * * *
HP[-1]
You take 1 damage, and now have 4/11 hp.
The jackal attacks as you move away! The jackal bites you.
* * * LOW HITPOINT WARNING * * *
The jackal misses you. The jackal completely misses you.
The jackal attacks as you move away! The jackal bites you.
* * * LOW HITPOINT WARNING * * *
The jackal bites you but does no damage.
HP[-2]
You take 2 damage, and now have 2/11 hp.
The jackal attacks as you move away! The jackal bites you.
You die...

Skill      XL: |  1 |
---------------+----+-----
Stealth        | 3 |  3.2
Dodging        | |  2.0
Spellcasting   | |  2.0
Transmutations | |  1.0
Poison Magic   | |  3.9

Action                   || total
-------------------------++-------
Melee: Dagger            ||     5
       Constrict         ||     2
       Unarmed           ||     1
       Tentacles         ||     1
 Cast: Sting             ||     6
Armor: Skin              ||     2
Dodge: Dodged            ||     7

Levels and vault maps discovered:
D:1:      heliophobic_arrival_battle_scene, layout_basic,
          chequers_serial_rivers_micro_c, dreamdust_princess_bridge

Notes
Turn   | Place    | Note
-------+----------+-------------------------------------------
     0 | D:1      | zeratav the Octopode Venom Mage began the quest for the
                  | Orb.
     0 | D:1      | Reached XP level 1. HP: 11/11 MP: 3/3
     0 | D:1      | magus.rc [v1.9.6]
    51 | D:1      | HP: 2/11 [frozen (5)]
   344 | D:1      | Reached skill level 3 in Stealth
   456 | D:1      | HP: 2/11 [jackal (1)]
   457 | D:1      | Slain by a jackal

Vanquished Creatures
  2 endoplasms (D:1)
  A giant cockroach (D:1)
  A jackal (D:1)
  A kobold (D:1)
5 creatures vanquished.

Table legend:
 A = Non-vault XP
 B = Vault XP
 C = Vault XP percentage of total XP
 D = Non-vault monster count
 E = Vault monster count
 F = Vault count percentage of total count
                 A         B        C        D         E       F
            +---------+---------+-------+---------+---------+-------
      Total |       9 |       0 |   0.0 |       5 |       0 |   0.0
            +---------+---------+-------+---------+---------+-------
        D:1 |       9 |       0 |   0.0 |       5 |       0 |   0.0
            +---------+---------+-------+---------+---------+-------

Illustrated notes

Table legend:
 A = Kills in this place as a percentage of kills in entire the game.
 B = Kills by you in this place as a percentage of kills by you in the entire game.
 C = Kills by friends in this place as a percentage of kills by friends in the entire game.
 D = Other kills in this place as a percentage of other kills in the entire game.
 E = Experience gained in this place as a percentage of experience gained in the entire game.
 F = Experience gained in this place divided by the number of levels of this place that you have seen.
                   A       B       C       D       E      F
               +-------+-------+-------+-------+-------+----------------------
         Total | 100.0 | 100.0 |   N/A |   N/A | 100.0 |   9.0
       Dungeon | 100.0 | 100.0 |   N/A |   N/A | 100.0 |   9.0
               +-------+-------+-------+-------+-------+----------------------

Table legend: (Time is in decaauts)
 A = Elapsed time spent in this place.
 B = Non-inter-level travel time spent in this place.
 C = Inter-level travel time spent in this place.
 D = Time resting spent in this place.
 E = Time spent auto-exploring this place.
 F = Levels seen in this place.
 G = Mean time per level.
                   A        B        C        D        E       F      G
               +--------+--------+--------+--------+--------+-----+--------+
         Total |    456 |    456 |      0 |    279 |    139 |   1 |  456.0 |
       Dungeon |    456 |    456 |      0 |    279 |    139 |   1 |  456.0 |
               +--------+--------+--------+--------+--------+-----+--------+

Top non-repeatable levels by time:
     D:1: 456 daAuts
